[Event "German Masters 2019"]
[Site "Magdeburg"]
[Date "2019.05.26"]
[Round "1.3"]
[White "Nisipeanu, Liviu-Dieter"]
[Black "Meier, Georg"]
[Result "1/2-1/2"]
[ECO "C10"]
[WhiteElo "2667"]
[BlackElo "2636"]
[Annotator "RC"]
[PlyCount "75"]
[EventDate "2019.05.26"]
[EventType "tourn"]
[EventCountry "GER"]
[SourceTitle "playchess.com"]
[Source "ChessBase"]
[SourceQuality "1"]
[TimeControl "40/5400+30:1800+30"]

1. e4 e6 2. d4 d5 3. Nc3 dxe4 4. Nxe4 Nd7 5. Nf3 Ngf6 6. Bg5 h6 7. Bxf6 Nxf6 8. Bd3 Nxe4 9. Bxe4 c5 10. Qe2 cxd4 11. O-O-O Qb6 12. Rxd4 Be7 13. c3 Bf6 14. Rb4 Qc5 15. Kb1 Rb8 16. Rd1 b5 17. Bd3 a6 18. a4 O-O 19. Qe4 Rd8 20. axb5 axb5 21. Nd4 Kf8 22. Qh7 Ke7 23. Qe4 Bb7 24. Qe3 Bxd4 25. Rxd4 Rxd4 26. cxd4 Qa7 27. Rc1 Bd5 28. Rc5 Qa2+ 29. Kc1 Qa1+ 30. Kc2 Qa4+ 31. Kd2 Bc4 32. Rc7+ Kf8 33. Rxf7+ Kxf7 34. Qf4+ Ke7 35. Qc7+ Kf6 36. Qf4+ Ke7 37. Qc7+ Kf6 38. Qf4+ {[%emt 0:00:57] Ke5} 1/2-1/2

[Event "German Masters 2019"]
[Site "Magdeburg"]
[Date "2019.05.26"]
[Round "1.4"]
[White "Buhmann, Rainer"]
[Black "Miller, Eduard"]
[Result "1/2-1/2"]
[ECO "E73"]
[WhiteElo "2573"]
[BlackElo "2382"]
[Annotator "ChessBase"]
[PlyCount "93"]
[EventDate "2019.05.26"]
[EventType "tourn"]
[EventCountry "GER"]
[SourceTitle "playchess.com"]
[Source "ChessBase"]
[SourceQuality "1"]
[TimeControl "40/5400+30:1800+30"]

1. d4 Nf6 2. c4 g6 3. Nc3 Bg7 4. e4 d6 5. Be2 O-O 6. Be3 e5 7. d5 Na6 8. g4 Nc5 9. f3 a5 10. h4 h5 11. g5 Nfd7 12. Nh3 Na6 13. b3 Ndc5 14. Rb1 c6 15. Nf2 cxd5 16. cxd5 f5 17. a3 f4 18. Bd2 Rf7 19. Kf1 Bf8 20. Be1 Be7 21. Bc4 Qf8 22. b4 axb4 23. axb4 Nd7 24. Nd3 Bd8 25. b5 Nb6 26. Bb3 Nc5 27. Nxc5 dxc5 28. Ra1 Rxa1 29. Qxa1 Kh7 30. Kg2 Bd7 31. Bf2 c4 32. Bc2 Nc8 33. Rb1 Bb6 34. Na4 Bxf2 35. Kxf2 Nb6 36. Nxb6 Qc5+ 37. Kg2 Qxb6 38. Qc3 Bh3+ 39. Kxh3 Qf2 40. Qe1 Qxc2 41. Rc1 Qa2 42. Qf1 Rc7 43. d6 Rd7 44. Rxc4 Qd2 45. Rc8 Qxd6 46. Qc4 Rg7 47. Qd5 1/2-1/2

[Event "German Masters 2019"]
[Site "Magdeburg"]
[Date "2019.05.28"]
[Round "3.4"]
[White "Miller, Eduard"]
[Black "Meier, Georg"]
[Result "1/2-1/2"]
[ECO "A08"]
[WhiteElo "2382"]
[BlackElo "2636"]
[Annotator "RC"]
[PlyCount "76"]
[EventDate "2019.05.26"]
[EventType "tourn"]
[EventCountry "GER"]
[SourceTitle "playchess.com"]
[Source "ChessBase"]
[SourceQuality "1"]
[TimeControl "40/5400+30:1800+30"]

1. Nf3 d5 2. g3 Nf6 3. Bg2 e6 4. O-O Be7 5. d3 c5 6. Nbd2 Nc6 7. e4 O-O 8. Re1 Qc7 9. c3 b6 10. Nf1 h6 11. Bf4 Qd7 12. e5 Nh7 13. h4 Bb7 14. Qd2 Rfc8 15. g4 Rc7 16. Ng3 Qd8 17. g5 hxg5 18. Nxg5 b5 19. Nh5 Bxg5 20. Bxg5 Ne7 21. Re3 Nxg5 22. Rg3 Ng6 23. Rxg5 d4 24. Bxb7 Rxb7 25. Qe2 dxc3 26. bxc3 b4 27. Qe4 Rab8 28. c4 Rd7 29. Qg2 Kf8 30. Nxg7 Kxg7 31. h5 Rxd3 32. Rxg6+ fxg6 33. Qxg6+ Kf8 34. Qh6+ Ke7 35. Qg7+ Ke8 36. Qg6+ Ke7 37. Qg7+ Ke8 38. Qg6+ Ke7 1/2-1/2